 Dungeon Crawl Stone Soup version 0.27-a0-512-g57cc695410 (webtiles) character file.

Game seed: 5785889298469142478

154 pokeman the Magician (level 5, 0/29 HPs)
             Began as a Deep Elf Hedge Wizard on Mar 4, 2021.
             Slain by Ijyb
             ... wielding a +0 club
              (2 damage)
             ... on level 2 of the Dungeon.
             The game lasted 00:04:11 (2637 turns).

pokeman the Magician (Deep Elf Hedge Wizard)        Turns: 2637, Time: 00:04:11

Health: 0/29       AC:  3    Str:  7    XL:     5   Next: 13%
Magic:  13/15      EV: 12    Int: 20    God:
Gold:   103        SH:  0    Dex: 14    Spells: 5/16 levels left

rFire    + . .     SeeInvis .   g - +0 dagger (venom)
rCold    x . .     Faith    .   (no shield)
rNeg     . . .     Spirit   .   i - +0 leather armour
rPois    .         Reflect  .   c - +0 hat
rElec    .         Harm     .   (no cloak)
rCorr    .         Rampage  .   (no gloves)
Will     .....                  (no boots)
Stlth    ++........             (no amulet)
HPRegen  0.09/turn              e - ring of fire
MPRegen  0.14/turn              (no ring)

@: very slightly contaminated
A: no striking features
a: no special abilities


You were on level 2 of the Dungeon.
You visited 1 branch of the dungeon, and saw 3 of its levels.

You collected 103 gold pieces.

Inventory:

Hand Weapons
 g - a +0 dagger of venom (weapon)
Missiles
 f - 45 arrows
Armour
 a - a +2 buckler
 c - a +0 hat (worn)
 i - a +0 leather armour (worn)
Jewellery
 e - a ring of fire (left hand)
Scrolls
 b - a scroll of fear {unknown}
 h - 2 scrolls of identify {unknown}
 j - a scroll of fog {unknown}
Potions
 d - 2 potions of resistance {unknown}


   Skills:
 - Level 1.0 Fighting
 - Level 1.0 Armour
 - Level 3.0 Dodging
 + Level 2.5 Stealth
 + Level 0.9 Shields
 * Level 6.1 Spellcasting
 + Level 2.5 Conjurations
 - Level 1.1 Summonings
 - Level 1.1 Translocations


You had 5 spell levels left.
You knew the following spells:

 Your Spells              Type           Power        Failure   Level
a - Magic Dart            Conj           64%          5%          1
b - Mephitic Cloud        Conj/Pois/Air  9%           32%         3
c - Call Imp              Summ           10%          14%         2
d - Blink                 Tloc           N/A          14%         2
e - Conjure Flame         Conj/Fire      16%          26%         3

Your spell library contained the following spells:

 Spells                   Type           Power        Failure   Level
 Slow                     Hex            6%           22%         2


Dungeon Overview and Level Annotations

Branches:
Dungeon (3/15)

Altars:

Annotations:
D:2 Ijyb


Message History

The orc is heavily wounded.
The orc hits you but does no damage.
You hit the orc but do no damage.
The orc looks as sick as possible!
The orc is heavily wounded.
You kill the orc!
Unknown command.
Casting: Magic Dart (safe; 5% risk of failure)
Confirm with . or Enter, or press ? or * to list all spells.
The spell is extremely dangerous to cast (32% risk of failure)!
Continue anyway?
Okay, then.
Casting: Mephitic Cloud (extremely dangerous; 32% risk of failure)
Confirm with . or Enter, or press ? or * to list all spells.
The spell is extremely dangerous to cast (32% risk of failure)!
Continue anyway?
Aiming: Mephitic Cloud (extremely dangerous; 32% risk of failure)
Press: ? - help, Shift-Dir - straight line, f - orc wizard
Aim: an orc wizard, wielding a +0 dagger and wearing a +0 robe (chance to affect: 86%)
You miscast Mephitic Cloud.
You are very lightly contaminated with residual magic.
Electricity courses through your body!
* * * LOW HITPOINT WARNING * * *
The orc wizard points at you and mumbles some strange words.
You are confused.
In your confused state, you trip and fall back down the stairs.
* * * LOW HITPOINT WARNING * * *
Unknown command.
The orc wizard barely misses you. Ijyb hits you with a +0 club.
* * * LOW HITPOINT WARNING * * *
You climb upwards.
There is a stone staircase leading down here.
You see here a goblin skeleton.
Unknown command.
You bump into the rock wall.
The orc wizard barely misses you. Ijyb hits you with a +0 club.
* * * LOW HITPOINT WARNING * * *
You feel less confused.
The orc wizard gestures at itself while chanting.
The orc wizard flickers and vanishes!
Deactivating autopickup; reactivate with Ctrl-A.
Ijyb hits you with a +0 club.
You die...

#.#..#.#..[##.#...#
#......#.#.##.#.#.#
########.#.##.#.#.#
#...#.##.....# ###.#.####†###
#.###.# #.# ################{#
#.# #.# ...............g># #.#
#.####
#.####..#######)@###.####.#..#
..# ##.# #......#....#..# ..#
#.# #......#.####..#### #.#
#.# #.#....#.# #......
..#####.# #.#....#.#####.####
......#.# #.##...........#
>.....#.# #.##.###.####### #
........## #.##.# #.# #
.........######.##.# #.# #


You could see Ijyb.

Vanquished Creatures
  2 orc priests
  4 adders (D:2)
  2 leopard geckos
  5 orcs (D:3)
  A ball python (D:2)
  8 giant cockroaches
  4 goblins
  4 hobgoblins
  10 bats
  3 frilled lizards (D:1)
  7 kobolds
  2 rats (D:1)
52 creatures vanquished.

Notes
Turn   | Place    | Note
-------+----------+-------------------------------------------
     0 | D:1      | pokeman the Deep Elf Hedge Wizard began the quest for the
                  | Orb.
     0 | D:1      | Reached XP level 1. HP: 10/10 MP: 7/7
   281 | D:1      | Reached XP level 2. HP: 16/16 MP: 4/9
   593 | D:1      | You fall into a shaft and drop 1 floor!
   865 | D:1      | Reached skill level 5 in Spellcasting
  1316 | D:2      | Reached XP level 3. HP: 20/20 MP: 5/11
  1320 | D:2      | Learned a level 3 spell: Mephitic Cloud
  1323 | D:2      | Learned a level 2 spell: Call Imp
  1326 | D:2      | Learned a level 2 spell: Blink
  1330 | D:2      | Learned a level 3 spell: Conjure Flame
  1779 | D:2      | Reached skill level 1 in Fighting
  1779 | D:2      | Reached skill level 1 in Armour
  1992 | D:2      | Reached XP level 4. HP: 25/25 MP: 3/13
  2296 | D:2      | Reached skill level 6 in Spellcasting
  2296 | D:2      | Reached XP level 5. HP: 8/29 MP: 7/15
  2627 | D:3      | Noticed Ijyb
  2637 | D:2      | Slain by Ijyb

Illustrated notes

Levels and vault maps discovered:
D:1:      dpeg_arrival_tiny_a, layout_basic, corexii_hall_statues_u,
          dk_noncrumbling_3
D:2:      layout_basic, serial_park_tiny_2, minmay_misc_feat_five,
          kennysheep_generic_room_15
D:3:      kennysheep_the_goblin_king, layout_rooms, minmay_misc_feat_tower,
          minmay_misc_feat_alley

Skill      XL: |  1  2  3  4 |
---------------+-------------+-----
Spellcasting   | 5 6 |  6.1
Fighting       | 1 |  1.0
Armour         | 1 |  1.0
Conjurations   | 2 |  2.5
Dodging        | 3 |  3.0
Stealth        | |  2.5
Shields        | |  0.9
Summonings     | |  1.1
Translocations | |  1.1

Action                   |  1- 3 |  4- 6 || total
-------------------------+-------+-------++-------
Melee: Dagger            |    10 |    23 ||    33
 Cast: Magic Dart        |    93 |    23 ||   116
       Mephitic Cloud    |       |     2 ||     2
 Stab: Sleeping          |     1 |       ||     1
       Confused          |       |     1 ||     1
Armor: Robe              |     4 |       ||     4
       Leather armour    |     6 |     7 ||    13
Dodge: Dodged            |    22 |    21 ||    43

Table legend: (Time is in decaauts)
 A = Elapsed time spent in this place.
 B = Non-inter-level travel time spent in this place.
 C = Inter-level travel time spent in this place.
 D = Time resting spent in this place.
 E = Time spent auto-exploring this place.
 F = Levels seen in this place.
 G = Mean time per level.
                   A        B        C        D        E       F      G
               +--------+--------+--------+--------+--------+-----+--------+
         Total |   2639 |   2607 |     32 |    493 |   1817 |   3 |  879.7 |
       Dungeon |   2639 |   2607 |     32 |    493 |   1817 |   3 |  879.7 |
               +--------+--------+--------+--------+--------+-----+--------+

Top non-repeatable levels by time:
     D:2: 1414 daAuts
     D:1: 1158 daAuts
     D:3: 65 daAuts
